 Dungeon Crawl Stone Soup version 0.27-a0-661-gca034ae587 (webtiles) character file.

Game seed: 6762236875989303930

326 JoanKharjo the Shooter (level 6, -2/38 HPs)
             Began as a Human Arcane Marksman on Mar 17, 2021.
             Was an Initiate of Hepliaklqana.
             Slain by Menkaure (13 damage)
             ... on level 4 of the Dungeon.
             The game lasted 00:15:16 (7215 turns).

JoanKharjo the Shooter (Human Arcane Marksman)      Turns: 7215, Time: 00:15:17

Health: -2/38      AC:  4    Str: 12    XL:     6   Next: 79%
Magic:  7/7        EV: 12    Int: 13    God:    Hepliaklqana [......]
Gold:   210        SH:  0    Dex: 14    Spells: 1/7 levels left

rFire    . . .     SeeInvis +   r - +0 whip (elec)
rCold    . . .     Faith    .   (no shield)
rNeg     . . .     Spirit   .   e - +0 robe
rPois    .         Reflect  .   l - +0 helmet {SInv} {sInv}
rElec    .         Harm     .   (no cloak)
rCorr    .         Rampage  .   (no gloves)
Will     .....                  m - +0 pair of boots
Stlth    +.........             (no amulet)
HPRegen  0.12/turn              (no ring)
MPRegen  0.10/turn              (no ring)

@: no status effects
A: reduced essence
a: Renounce Religion, Recall Ancestor, Ancestor Identity


You were on level 4 of the Dungeon.
You worshipped Hepliaklqana.
Hepliaklqana was noncommittal.
You visited 2 branches of the dungeon, and saw 5 of its levels.

You collected 210 gold pieces.

Inventory:

Hand Weapons
 a - a +0 shortbow
 o - a +0 trident of venom
 r - a +0 whip of electrocution (weapon)
Missiles
 d - 35 arrows
 n - 36 poisoned darts (quivered)
Armour
 e - a +0 robe (worn)
 l - a +0 helmet of see invisible (worn) {sInv}
 m - a +0 pair of boots (worn)
Scrolls
 f - a scroll of fog {unknown}
 g - a scroll of teleportation {unknown}
 i - 3 scrolls of identify
 j - 2 scrolls of enchant weapon
Potions
 b - a potion of brilliance {unknown}
 c - 3 potions of curing
 h - a potion of haste {unknown}
 p - a potion of resistance {unknown}
 q - 3 potions of mutation {unknown}
 s - 2 potions of cancellation {unknown}


   Skills:
 - Level 1.0 Fighting
 * Level 5.6 Bows
 - Level 2.0 Dodging
 - Level 1.0 Spellcasting
 + Level 4.6 Hexes


You had one spell level left.
You knew the following spells:

 Your Spells              Type           Power      Damage    Failure   Level
a - Inner Flame           Hex/Fire       6%         N/A       32%         3
s - Slow                  Hex            12%        N/A       6%          2
v - Corona                Hex            13%        N/A       4%          1

Your spell library contained the following spells:

 Spells                   Type           Power      Damage    Failure   Level
 Animate Skeleton         Necr           0%         N/A       28%         1
 Apportation              Tloc           0%         N/A       28%         1
 Summon Small Mammal      Summ           0%         N/A       28%         1
 Portal Projectile        Hex/Tloc       12%        N/A       32%         3
 Cause Fear               Hex            6%         N/A       38%         4
 Leda's Liquefaction      Hex/Erth       3%         N/A       71%         4


Dungeon Overview and Level Annotations

Branches:
Dungeon (4/15)             Temple (1/1) D:4

Altars:
Ashenzari
Cheibriados
Dithmenos
Elyvilon
Fedhas
Gozag
Hepliaklqana
Kikubaaqudgha
Makhleb
Nemelex Xobeh
Okawaru
Ru
Sif Muna
Trog
Uskayaw
Vehumet
Wu Jian
Xom
Yredelemnul
Zin
The Shining One

Annotations:
D:4 3 runed translucent doors, Allula97's ghost, amateur DsGl; Grinder; Menkaure


Message History

You take 8 damage, and have 12/38 hp.
MASSIVE DAMAGE!!
Unknown command.
Numera hits Grinder.
MP restored: 7 Menkaure casts a spell at you.
You barely resist.
Grinder says, "Wait up."
Menkaure grins.
Menkaure points at you and mumbles some strange words.
Pain shoots through your body!
* * * LOW HITPOINT WARNING * * *
You take 1 damage, and have 12/38 hp.
Menkaure calls on the powers of darkness!
Your body is wracked with pain!
* * * LOW HITPOINT WARNING * * *
You take 5 damage, and have 7/38 hp.
Menkaure calls on the powers of darkness!
Your body is wracked with pain!
* * * LOW HITPOINT WARNING * * *
You take 2 damage, and have 5/38 hp.
Menkaure calls on the powers of darkness!
Your body is wracked with pain!
* * * LOW HITPOINT WARNING * * *
You take 1 damage, and have 4/38 hp.
Unknown command.
Numera hits Grinder.
Menkaure gestures at you while chanting.
Pain shoots through your body!
* * * LOW HITPOINT WARNING * * *
You take 4 damage, and have 1/38 hp.
Grinder blinks!
Menkaure hums a few words.
Okay, then.
You feel better.
You regained 10 hp, and now have 11/38 hp.
As you read the scroll labelled NIUGUO BAKHEGH, it crumbles to dust.
You hear a very strange noise indeed.
It was a scroll of random uselessness.
Menkaure hits you!
You die...

#. #...########. #..
#.### #. #.##+#.# #.
#.#..#.# #. #
##.#.##.# #. #.##....
#.# #. #......#
#.##########.
#?.M###............
####@#.##############
#...###M.....R..#
#.##5#.########.# #
##.# ###.#####
#.#######........
#.....R..5#.##...
#.......#...##..)
#.#####(##.###.>. #.#
#.##.###...


You could see Menkaure (fast).

Levels and vault maps discovered:
D:1:      eino_arrival_water_cross, layout_rooms
D:2:      layout_basic, grunt_temple_overflow_diamond, minmay_misc_feat_doors,
          fountainhead, uniq_terence, uniq_robin
D:3:      layout_loops_ring
D:4:      layout_loops_ring, minmay_temple_entry_offerings, serial_shops,
          kennysheep_mini, ebering_ghost_rock_garden, uniq_menkaure,
          uniq_eustachio, uniq_pikel, uniq_natasha, uniq_grinder
Temple:   nicolae_temple_no_exploring_needed

Notes
Turn   | Place    | Note
-------+----------+-------------------------------------------
     0 | D:1      | JoanKharjo the Human Arcane Marksman began the quest for
                  | the Orb.
     0 | D:1      | Reached XP level 1. HP: 15/15 MP: 2/2
     1 | D:1      | Identified a +0 spear
    16 | D:1      | Identified a +0 club
   120 | D:1      | Reached XP level 2. HP: 10/21 MP: 3/3
   123 | D:1      | Learned a level 2 spell: Slow
   506 | D:1      | Identified a +0 mace
   630 | D:2      | Identified a +0 trident of venom
   630 | D:2      | Identified a +0 scale mail
   630 | D:2      | Noticed Terence
   677 | D:1      | Reached XP level 3. HP: 22/26 MP: 4/4
   764 | D:2      | Identified a +0 shortbow
   770 | D:2      | Reached skill level 3 in Bows
   978 | D:2      | Identified a +0 club
   980 | D:2      | Identified a +0 club
   991 | D:2      | Identified a +0 dagger
   996 | D:2      | HP: 5/26 [goblin/+0 dagger[Robin] (7)]
  1004 | D:2      | HP: 5/26 [bat (1)]
  1011 | D:2      | HP: 4/26 [bat (1)]
  1013 | D:2      | HP: 1/26 [goblin/+0 dagger[Robin] (3)]
  1021 | D:2      | HP: 1/26 [bat (1)]
  1331 | D:2      | Identified a +0 dagger
  1331 | D:2      | Identified a +0 animal skin
  1331 | D:2      | Identified a +0 helmet of see invisible
  1331 | D:2      | Noticed Robin
  1378 | D:2      | Identified a +0 club
  1378 | D:2      | Identified a +0 dagger
  1388 | D:1      | Reached XP level 4. HP: 25/32 MP: 5/5
  1533 | D:2      | Identified a +0 dagger
  1534 | D:2      | Identified a +0 club
  2391 | D:2      | HP: 8/32 [poisoned by an adder]
  2398 | D:2      | HP: 6/32 [poisoned by an adder]
  2405 | D:2      | HP: 4/32 [poisoned by an adder]
  2413 | D:2      | HP: 3/32 [poisoned by an adder]
  2711 | D:1      | Killed Robin
  2880 | D:2      | Identified a +0 club
  3050 | D:2      | Reached skill level 4 in Bows
  3079 | D:2      | Identified a +0 pair of boots
  3092 | D:2      | Identified a +0 dagger
  3345 | D:2      | Found a glowing silver altar of Zin.
  3348 | D:2      | Found an opulent altar of Gozag.
  3350 | D:2      | Found a blossoming altar of Fedhas.
  3612 | D:2      | Killed Terence
  3613 | D:2      | Reached XP level 5. HP: 37/37 MP: 6/6
  3734 | D:2      | Reached skill level 4 in Hexes
  3741 | D:2      | Learned a level 3 spell: Inner Flame
  3900 | D:2      | Identified a +0 club
  4172 | D:2      | Found a blossoming altar of Fedhas.
  4172 | D:2      | Found an opulent altar of Gozag.
  4172 | D:2      | Found a glowing silver altar of Zin.
  4693 | D:3      | Identified a +0 whip
  4905 | D:3      | Identified a +0 club
  5084 | D:3      | Identified a +0 club
  5097 | D:3      | Identified a +0 whip of electrocution
  5256 | D:3      | Identified a +1 hand axe of pain
  5273 | D:3      | Identified a +0 dagger
  5607 | D:3      | Identified a +0 spear
  5627 | D:3      | Identified a +0 mace
  6084 | D:4      | Identified a +0 spear
  6094 | D:4      | Reached skill level 5 in Bows
  6094 | D:4      | Reached XP level 6. HP: 36/43 MP: 2/7
  6157 | D:4      | Identified a +0 whip
  6347 | D:4      | HP: 10/43 [gnoll/+0 whip (10)]
  6644 | D:4      | Found a runed translucent gate.
  6644 | D:4      | Found a runed translucent gate.
  6647 | D:4      | Found a runed translucent gate.
  6650 | D:4      | Noticed Allula97's ghost (amateur DsGl)
  6685 | D:4      | Identified a +0 quarterstaff
  6689 | D:4      | Found a staircase to the Ecumenical Temple.
  6691 | D:4      | Noticed Natasha
  6753 | D:4      | HP: 9/43 [Natasha (5)]
  6756 | D:4      | Killed Natasha
  7012 | Temple   | Entered the Ecumenical Temple
  7019 | Temple   | Became a worshipper of Hepliaklqana the Forgotten
  7067 | D:4      | Identified a +0 ring mail
  7175 | D:4      | Noticed Grinder
  7181 | D:4      | Noticed Menkaure
  7182 | D:4      | Identified 4 scrolls of identify
  7182 | D:4      | Identified 2 scrolls of enchant weapon
  7204 | D:4      | HP: 7/38 [??? (5)]
  7210 | D:4      | HP: 1/38 [Menkaure/nerve-wracking pain (4)]
  7215 | D:4      | Identified a scroll of random uselessness
  7215 | D:4      | Slain by Menkaure

Table legend: (Time is in decaauts)
 A = Elapsed time spent in this place.
 B = Non-inter-level travel time spent in this place.
 C = Inter-level travel time spent in this place.
 D = Time resting spent in this place.
 E = Time spent auto-exploring this place.
 F = Levels seen in this place.
 G = Mean time per level.
                   A        B        C        D        E       F      G
               +--------+--------+--------+--------+--------+-----+--------+
         Total |   7266 |   7049 |    217 |   1365 |   4532 |   5 | 1453.2 |
       Dungeon |   7250 |   7033 |    217 |   1365 |   4532 |   4 | 1812.5 |
        Temple |     15 |     15 |      0 |      0 |      0 |   1 |   15.0 |
               +--------+--------+--------+--------+--------+-----+--------+

Top non-repeatable levels by time:
     D:2: 2734 daAuts
     D:1: 1967 daAuts
     D:3: 1492 daAuts
     D:4: 1056 daAuts
  Temple: 15 daAuts

Table legend:
 A = Kills in this place as a percentage of kills in entire the game.
 B = Kills by you in this place as a percentage of kills by you in the entire game.
 C = Kills by friends in this place as a percentage of kills by friends in the entire game.
 D = Other kills in this place as a percentage of other kills in the entire game.
 E = Experience gained in this place as a percentage of experience gained in the entire game.
 F = Experience gained in this place divided by the number of levels of this place that you have seen.
                   A       B       C       D       E      F
               +-------+-------+-------+-------+-------+----------------------
         Total | 100.0 | 100.0 |   N/A |   N/A | 100.0 |  93.4
       Dungeon | 100.0 | 100.0 |   N/A |   N/A | 100.0 | 116.8
               +-------+-------+-------+-------+-------+----------------------

Skill      XL: |  1  2  3  4  5 |
---------------+----------------+-----
Bows           | 3 4 5 |  5.6
Hexes          | 4 |  4.6
Fighting       | |  1.0
Dodging        | |  2.0
Spellcasting   | |  1.0

Action                   |  1- 3 |  4- 6 || total
-------------------------+-------+-------++-------
Melee: Spear             |    91 |   133 ||   224
       Trident           |       |    36 ||    36
       Whip              |       |    37 ||    37
 Fire: Shortbow          |     6 |       ||     6
Throw: Dart              |       |     9 ||     9
 Cast: Corona            |     6 |    11 ||    17
       Slow              |       |    15 ||    15
Invok: Ancestor Identity |       |     1 ||     1
  Use: Scroll            |       |     2 ||     2
       Potion            |       |     1 ||     1
 Stab: Sleeping          |     2 |     2 ||     4
Armor: Robe              |    25 |    33 ||    58
Dodge: Dodged            |    88 |   115 ||   203

Vanquished Creatures
  A scorpion (D:4)
  2 hounds (D:4)
  Natasha (D:4)
  Terence (D:2)
  Robin (D:1)
  5 adders
  4 gnolls
  A dart slug (D:2)
  2 leopard geckos (D:1)
  An orc (D:4)
  A ball python (D:2)
  4 bats
  4 giant cockroaches
  14 goblins
  6 hobgoblins
  8 jackals
  3 kobolds
  4 quokkas
  3 frilled lizards
  6 rats
72 creatures vanquished.

Vanquished Creatures (others)
  A plant (D:1)
1 creature vanquished.

Grand Total: 73 creatures vanquished
